cohdb
Replays
Latest Replays
All Replays
Popular Replays
Top Player Replays
Match Explorer
How It Works
Community
CoH3 Stats
Reddit
Sign in to upload your games and track your stats! →
Sign in with Steam
rough start but croc safes the day
Match 42876437
Overview
Messages
Build Orders
End
Royal Engineer Section
Construct Section Command Post
Dingo Light Scout Car
Infantry Section
Infantry Section
Selects Canadian Shock Battlegroup
Selects Attacking Spirit
Selects Canadian Shock Section
Infantry Section
Grenade Package
Construct Platoon Command Post
Selects Incendiary Munitions
Humber Armored Car
Selects Pyrotechnics
Canadian Shock Section
Infantry Training
6-pounder Anti-tank Gun Team
Infantry Section
Construct Field Infirmary
Construct Company Command Post
Selects Churchill Crocodile Heavy Tank
Churchill Crocodile Heavy Tank
Canadian Shock Section
Nico-Nico-Nii~~
Pie-Eater
0
0
Comments
sign in to comment!
No comments posted yet!